 Dungeon Crawl Stone Soup version 0.31-a0-1074-g0b22e4e0f1 (webtiles) character file.

Game seed: 15438441674336372003

57 DApurpleWHUMPUS the Grave Robber (level 4, -1/30 HPs)
             Began as a Human Necromancer on Nov 27, 2023.
             Slain by a cerulean imp
             ... wielding a +1 spear
             ... summoned by Natasha
              (5 damage)
             ... on level 2 of the Dungeon.
             The game lasted 00:06:17 (1497 turns).

DApurpleWHUMPUS the Grave Robber (HuNe)             Turns: 1497, Time: 00:06:17

Health: -1/30      AC:  2    Str:  8    XL:     4   Next: 18%
Magic:  2/9        EV: 12    Int: 17    God:
Gold:   110        SH:  0    Dex: 14    Spells: 8/10 levels left

rFire   + . .        e - staff of fire
rCold   . . .        (no shield)
rNeg    . . .        a - +0 robe
rPois   .            (no helmet)
rElec   .            (no cloak)
rCorr   .            (no gloves)
SInv    .            (no boots)
Will    .....        (no amulet)
Stlth   ++           (no ring)
HPRegen 0.25/turn    (no ring)
MPRegen 0.11/turn

%: no passive effects
@: no status effects
A: no striking features
a: no special abilities


You were on level 2 of the Dungeon.
You visited 1 branch of the dungeon, and saw 2 of its levels.

You collected 110 gold pieces.

Inventory:

Armour
 a - a +0 robe (worn)
Magical Staves
 e - a staff of fire (weapon)
Scrolls
 c - 2 scrolls of silence {unknown}
Potions
 b - a potion of magic
 d - a potion of enlightenment {unknown}
 f - a potion of haste {unknown}


   Skills:
 - Level 2.0 Dodging
 - Level 2.0 Stealth
 * Level 3.9 Spellcasting
 - Level 4.0 Necromancy


You had 8 spell levels left.
You knew the following spells:

 Your Spells              Type           Power      Damage    Failure   Level
a - Necrotise             Necr           64%        1d7       3%          1
b - Sting                 Tmut/Pois      12%        1d3       16%         1

Your spell library contained the following spells:

 Spells                   Type           Power      Damage    Failure   Level
 Vampiric Draining        Necr           16%        2d7       10%         3
 Lesser Beckoning         Tloc           6%         N/A       24%         2
 Animate Dead             Necr           16%        N/A       30%         4
 Gell's Gravitas          Tloc           3%         N/A       43%         3
 Teleport Other           Tloc           3%         N/A       43%         3
 Agony                    Necr           16%        N/A       65%         5
 Manifold Assault         Tloc           3%         N/A       85%         4
 Borgnjor's Vile Clutch   Necr/Erth      5%         N/A       89%         5
 Alistair's Intoxication  Tmut/Pois      2%         N/A       99%         5
 Death Channel            Necr           8%         N/A       99%         6


Dungeon Overview and Level Annotations

Branches:
Dungeon (2/15)

Altars:

Annotations:
D:2 Natasha


Message History

Natasha attacks as she pursues you! Natasha claws you.
Your kobold skeleton closely misses Natasha.
Natasha casts a spell.
The cerulean imp attacks as it pursues you!
The cerulean imp hits you from afar with a +0 spear.
Your kobold skeleton barely misses Natasha.
Natasha mumbles some strange words.
Your magical contamination has completely faded away.
The cerulean imp attacks as it pursues you!
The cerulean imp hits you from afar with a +0 spear.
* * * LOW HITPOINT WARNING * * *
Natasha wildly gestures.
You feel troubled.
Your kobold skeleton misses Natasha.
Casting: Sting (safe; 16% risk of failure)
Confirm with . or Enter, or press ? or * to list all spells.
Aiming: Sting (safe; 16% risk of failure)
Press: ? - help, Shift-Dir - straight line, f/p - Natasha
Aim: Natasha (severely wounded, poisoned, ally target, 55% to hit)
Okay, then.
The cerulean imp looks more healthy.
The cerulean imp attacks as it pursues you!
The cerulean imp hits you from afar with a +0 spear.
* * * LOW HITPOINT WARNING * * *
Something barely misses your kobold skeleton.
The cerulean imp hits you from afar with a +0 spear.
* * * LOW HITPOINT WARNING * * *
Okay, then.
Casting: Sting (safe; 16% risk of failure)
Confirm with . or Enter, or press ? or * to list all spells.
Aiming: Sting (safe; 16% risk of failure)
Press: ? - help, Shift-Dir - straight line, f - cerulean imp, p - Natasha
Aim: a cerulean imp, wielding a +1 spear (summoned, 47% to hit)
The sting hits the cerulean imp.
The cerulean imp partially resists.
The cerulean imp is poisoned.
The cerulean imp is severely wounded.
Your kobold skeleton hits Natasha.
Something hits your kobold skeleton. The cerulean imp barely misses you.
The cerulean imp hits you from afar with a +1 spear.
You die...

######### #........
#........ #.)......
#######........ .S..
.....'....)... ...#
#####.###.Z...... #..#
######....@.5h<.......
#..###....#......5#########
#..#PPP.P......##.########
#.##P...P.....##)........#
#...P...P.....##.........#
#.......P.....##.........#
#..#PP.PP.....##.........#
#........................#
#...####.................#


You could see Natasha (poisoned), 2 cerulean imps and a friendly kobold
skeleton.

Vanquished Creatures
  An adder (D:2)
  2 dart slugs (D:1)
  2 ball pythons (D:1)
  2 bats
  An endoplasm (D:2)
  5 giant cockroaches
  5 goblins
  2 hobgoblins (D:1)
  A quokka (D:1)
  3 frilled lizards
  8 kobolds
  6 rats
38 creatures vanquished.

Vanquished Creatures (collateral kills)
  A ball python (D:2)
  A bat (D:1)
2 creatures vanquished.

Grand Total: 40 creatures vanquished

Notes
Turn   | Place    | Note
-------+----------+-------------------------------------------
     0 | D:1      | DApurpleWHUMPUS the Human Necromancer began the quest for
                  | the Orb.
     0 | D:1      | Reached XP level 1. HP: 13/13 MP: 3/3
   210 | D:1      | Got the Annotations on Changing Geometry
   212 | D:1      | Reached XP level 2. HP: 19/19 MP: 2/5
   476 | D:1      | Learned a level 1 spell: Sting
   625 | D:1      | Reached XP level 3. HP: 24/24 MP: 4/7
  1229 | D:2      | Reached XP level 4. HP: 30/30 MP: 2/9
  1361 | D:2      | Noticed Natasha
  1497 | D:2      | Slain by a cerulean imp

Illustrated notes

Levels and vault maps discovered:
D:1:      mrwooster_arrival_statue_2, layout_basic
D:2:      layout_basic, minmay_gold_behind_fungi, st_stairs_5,
          chequers_serial_rivers_micro_b, uniq_natasha

Skill      XL: |  1  2 |
---------------+-------+-----
Spellcasting   | 3 |  3.9
Dodging        | |  2.0
Stealth        | |  2.0
Necromancy     | |  4.0

Action                     |  1- 3 |  4- 6 || total
---------------------------+-------+-------++-------
  Melee: Unarmed           |    11 |       ||    11
         Punch             |     1 |       ||     1
         Staff             |     4 |    12 ||    16
   Cast: Necrotise         |    46 |    12 ||    58
         Sting             |     5 |     4 ||     9
 Armour: Robe              |    24 |    22 ||    46
  Dodge: Dodged            |    24 |    14 ||    38

Table legend: (Time is in decaauts)
 A = Elapsed time spent in this place.
 B = Non-inter-level travel time spent in this place.
 C = Inter-level travel time spent in this place.
 D = Time resting spent in this place.
 E = Time spent auto-exploring this place.
 F = Levels seen in this place.
 G = Mean time per level.
                   A        B        C        D        E       F      G
               +--------+--------+--------+--------+--------+-----+--------+
         Total |   1500 |   1461 |     39 |    277 |    914 |   2 |  750.0 |
       Dungeon |   1500 |   1461 |     39 |    277 |    914 |   2 |  750.0 |
               +--------+--------+--------+--------+--------+-----+--------+

Top non-repeatable levels by time:
     D:1: 1212 daAuts
     D:2: 288 daAuts
